 Dungeon Sprint DCSS version 0.21.1-1-g345015f (webtiles) character file.

46 Fang the Skirmisher (level 3, -7/39 HPs)
             Began as a Gargoyle Berserker on June 27, 2018.
             Was a Priest of Trog.
             Mangled by an orc warrior
             ... wielding a +0 battleaxe
              (11 damage)
             ... in the Dungeon (Sprint VII: "The Pits").
             The game lasted 00:01:06 (337 turns).

Fang the Skirmisher (Gargoyle Berserker)             Turns: 337, Time: 00:01:07

Health: -7/39      AC:  5    Str: 26    XL:     3   Next: 66%
Magic:  3/3        EV: 12    Int:  7    God:    Trog [***...]
Gold:   0          SH:  0    Dex:  9    Spells: 2/2 levels left

rFire    . . .     SeeInvis .   j - +2 hand axe
rCold    . . .     Gourm    .   (no shield)
rNeg     + . .     Faith    .   b - +0 animal skin
rPois    ∞         Spirit   .   (no helmet)
rElec    +         Reflect  .   (no cloak)
rCorr    .         Harm     .   (no gloves)
MR       .....     NoTele   +   (no boots)
Stlth    ..........             (no amulet)
HPRegen  0.13/turn              (no ring)
MPRegen  0.08/turn              (no ring)

@: berserking, very quick
A: negative energy resistance 1, electricity resistance, unbreathing,
petrification resistance, rot immunity, AC +3
a: Berserk, Trog's Hand, Burn Spellbooks, Renounce Religion


You were in the Dungeon.
You worshipped Trog.
Trog was most pleased with you.
You were very hungry.

You visited 1 branch

Inventory:

Hand Weapons
 j - a +2 hand axe (weapon)
Armour
 b - a +0 animal skin (worn)
Scrolls
 i - a scroll of blinking
 k - 3 scrolls of remove curse
 l - a scroll of summoning
Potions
 a - 2 potions of invisibility
 d - a potion of curing
 e - a potion of heal wounds
 f - a potion of haste
 g - 4 potions of magic
 h - 3 potions of berserk rage
Comestibles
 c - 9 rations
 m - 2 chunks of flesh


   Skills:
 + Level 5.5 Fighting
 + Level 5.0 Axes
 + Level 3.1 Armour
 + Level 2.4 Dodging


You had 2 spell levels left.
You didn't know any spells.

Dungeon Overview and Level Annotations

Branches:
Dungeon (1/1)

Altars:
Cheibriados
Dithmenos
Elyvilon
Fedhas
Gozag
Hepliaklqana
Makhleb
Nemelex Xobeh
Okawaru
Qazlal
Ru
Sif Muna
Trog
Vehumet
Wu Jian
Xom
Yredelemnul
Zin
The Shining One
Beogh
Jiyva
Lugonu


Innate Abilities, Weirdness & Mutations

You are resistant to torment.
Your stone body is resilient. (AC +3)
You are immune to poison.
You resist negative energy. (rN+)
You are resistant to electric shocks. (rElec)
You can survive without breathing.
You are immune to petrification.
You are immune to rotting.


Message History

Trog accepts your kill.
The ufetubus hits you but does no damage.
The ufetubus hits you.
You miss the ufetubus. You closely miss the orc warrior.
The orc warrior hits you with a battleaxe!
* * * LOW HITPOINT WARNING * * *
The orc wizard casts a spell.
The orc wizard seems to speed up.
The ufetubus closely misses you. The ufetubus hits you.
* * * LOW HITPOINT WARNING * * *
You slash the ufetubus!
You kill the ufetubus!
Trog accepts your kill.
Your Axes skill increases to level 5!
You hit the orc warrior.
Unknown command.
You closely miss the orc wizard. You barely miss the orc warrior.
The orc wizard closely misses you.
The orc warrior hits you with a battleaxe!
You die...

______...##########
##########'##........
#.?(.')))'.##......#.
##########.##........
#...........'........
#+#####)#####......#.
#..#..# #........
#..÷..+ ####'####
##@#### #.......#
#.oo.....##.......#
#..S.....##.......#
#####+#####...<...#
#.......# #.......#
#.......# #########


You could see an orc warrior, an orc wizard and a ball python.

Vanquished Creatures
  A worker ant (D)
  A gnoll (D)
  An ufetubus (D)
  An orc (D)
  2 jackals (D)
  A quokka (D)
  A rat (D)
8 creatures vanquished.

Notes
Turn   | Place    | Note
-------+----------+-------------------------------------------
     0 | D        | Fang the Gargoyle Berserker began the quest for the Orb.
     0 | D        | Reached XP level 1. HP: 14/14 MP: 1/1
    19 | D        | Found a bloodstained altar of Trog.
    19 | D        | Found a deep blue altar of Sif Muna.
    19 | D        | Found a viscous altar of Jiyva.
    19 | D        | Found a hazy altar of Hepliaklqana.
    19 | D        | Found an opulent altar of Gozag.
    20 | D        | Found a glowing golden altar of the Shining One.
    20 | D        | Found a glowing silver altar of Zin.
    20 | D        | Found a basalt altar of Yredelemnul.
    20 | D        | Found a shimmering altar of Xom.
    20 | D        | Found an ornate altar of the Wu Jian Council.
    20 | D        | Found a sacrificial altar of Ru.
    20 | D        | Found a stormy altar of Qazlal.
    20 | D        | Found an iron altar of Okawaru.
    20 | D        | Found a sparkling altar of Nemelex Xobeh.
    20 | D        | Found a burning altar of Makhleb.
    20 | D        | Found a blossoming altar of Fedhas.
    20 | D        | Found a white marble altar of Elyvilon.
    20 | D        | Found a shadowy altar of Dithmenos.
    20 | D        | Found a snail-covered altar of Cheibriados.
    22 | D        | Found a radiant altar of Vehumet.
    22 | D        | Found a corrupted altar of Lugonu.
    22 | D        | Found a roughly hewn altar of Beogh.
    88 | D        | Reached XP level 2. HP: 20/20 MP: 2/2
   254 | D        | Reached ** piety under Trog
   254 | D        | Reached skill level 5 in Fighting
   254 | D        | Reached XP level 3. HP: 26/26 MP: 3/3
   329 | D        | Noticed an orc warrior
   334 | D        | Reached *** piety under Trog
   336 | D        | Reached skill level 5 in Axes
   337 | D        | Mangled by an orc warrior

Skill      XL: |  1  2  3 |
---------------+----------+-----
Axes           | 3 4 5 |  5.0
Fighting       | 4 5 |  5.5
Armour         | 3 |  3.1
Dodging        | 2 |  2.4

Action                   || total
-------------------------++-------
Melee: Hand axe          ||    23
Invok: Berserk           ||     3
Armor: Animal skin       ||     2
Dodge: Dodged            ||    16
